 Dungeon Crawl Stone Soup version 0.19-a0-965-g50bf062 (webtiles) character file.

47 HAL9000 the Ruffian (level 3, -1/28 HPs)
             Began as a Draconian Transmuter on July 12, 2016.
             Slain by Grinder (5 damage)
             ... on level 3 of the Dungeon.
             The game lasted 00:02:53 (1476 turns).

HAL9000 the Ruffian (Draconian Transmuter)          Turns: 1476, Time: 00:02:54

Health: -1/28      AC:  5    Str: 12    XL:     3   Next: 48%
Magic:  0/6        EV: 12    Int: 14    God:
Gold:   77         SH:  0    Dex: 11    Spells: 2 memorised, 3 levels left

rFire  . . .     SeeInvis .       - Unarmed
rCold  . . .     Gourm    .     (armour unavailable)
rNeg   . . .     Faith    .     (no shield)
rPois  .         Spirit   .     (helmet restricted)
rElec  .         Dismiss  .     (no cloak)
rCorr  .         Reflect  .     (no gloves)
SustAt .         Harm     .     (no boots)
MR     .....                    (no amulet)
Stlth  +.........               (no ring)
                                (no ring)

@: appendage (expiring), very slightly contaminated, not resistant to hostile
enchantments, very unstealthy
A: unfitting armour, horns 2, cold-blooded, AC +5
a: End Transformation


You were on level 3 of the Dungeon.
You were hungry.
You had grown temporary horns.
You visited 1 branch of the dungeon, and saw 3 of its levels.

You collected 77 gold pieces.

Inventory:

Missiles
 a - 59 arrows
Scrolls
 g - a scroll of identify {unknown}
 h - a scroll of magic mapping {unknown}
 i - a scroll of remove curse {unknown}
 j - 2 scrolls of enchant armour {unknown}
Potions
 d - a potion of ambrosia {unknown}
 k - a potion of might {unknown}
 l - 2 potions of curing {unknown}
 m - 2 potions of mutation {unknown}
Books
 b - a book of Changes

   Spells                             Type                      Level
   a - Beastly Appendage              Transmutation                1
   b - Sticks to Snakes               Transmutation                2
   c - Spider Form                    Transmutation/Poison         3
   d - Ice Form                       Ice/Transmutation            4
   e - Blade Hands                    Transmutation                5
Comestibles
 c - 2 bread rations
 f - 2 beef jerkies


   Skills:
 - Level 1.1 Fighting
 - Level 1.7 Dodging
 + Level 3.9 Unarmed Combat
 - Level 2.0 Spellcasting
 + Level 3.0 Transmutations


You had 3 spell levels left.
You knew the following spells:

 Your Spells              Type           Power        Failure   Level  Hunger
a - Beastly Appendage     Tmut           #.....       10%         1    ##.....
b - Sticks to Snakes      Tmut           #.......     12%         2    ###....


Dungeon Overview and Level Annotations

Branches:
Dungeon (3/15)

Altars:

Annotations:
D:3 Grinder


Innate Abilities, Weirdness & Mutations

Your plain brown scales are hard. (AC +5)
Your body does not fit into most forms of armour.
You are cold-blooded and may be slowed by cold attacks.
You have a pair of horns on your head.


Message History

You hit Grinder.
Grinder is heavily wounded.
Your ball python bites Grinder but does no damage.
Grinder misses you.
Your ball python bites Grinder.
Your ball python constricts Grinder.
Unknown command.
You hit Grinder.
Grinder is heavily wounded.
Your ball python bites Grinder. x2; Your ball python constricts Grinder.
The worm misses your ball python. Grinder barely misses you.
Unknown command.
You hit Grinder but do no damage.
You tail-slap Grinder, but do no damage.
Grinder is severely wounded.
Your transformation is almost over.
Your ball python bites Grinder but does no damage. x2
Your ball python constricts Grinder.
Grinder hits you!
* * * LOW HITPOINT WARNING * * *
You writhe in agony.
You die...

.#####..#..
.....#....
.........
.......#
#.....+
#.....#
+###...w.#
......5S.###+#
.....#S@.....#
... ##.####.#
. ... ###.# .#
$# .# ..


You could see Grinder, a worm and 2 friendly ball pythons.

Vanquished Creatures
  2 oozes
  A dart slug (D:1)
  2 giant geckos (D:2)
  An orc (D:2)
  6 goblins
  4 hobgoblins
  A quokka (D:2)
  7 bats
  2 giant newts (D:2)
  4 kobolds
  3 rats
33 creatures vanquished.

Vanquished Creatures (collateral kills)
  A worm (D:2)
1 creature vanquished.

Grand Total: 34 creatures vanquished

Notes
Turn   | Place    | Note
-------+----------+-------------------------------------------
     0 | D:1      | HAL9000 the Draconian Transmuter began the quest for the Orb.
     0 | D:1      | Reached XP level 1. HP: 16/16 MP: 3/3
   226 | D:1      | Reached XP level 2. HP: 17/23 MP: 3/5
   570 | D:2      | Learned a level 2 spell: Sticks to Snakes
   717 | D:2      | Reached XP level 3. HP: 21/28 MP: 3/6
  1399 | D:3      | Noticed a giant frog
  1462 | D:3      | Noticed Grinder
  1470 | D:3      | Paralysed by Grinder for 2 turns
  1476 | D:3      | Slain by Grinder

Vault maps used:
D:1:      dpeg_arrival_tiny_a, minmay_misc_feat_columns
D:3:      first_bread, uniq_grinder

Skill      XL: |  1  2  3 |
---------------+----------+-----
Transmutations | 3 |  3.0
Fighting       | |  1.1
Dodging        | |  1.7
Unarmed Combat | |  3.9
Spellcasting   | |  2.0

Action                   || total
-------------------------++-------
Melee: Unarmed           ||   117
       Tailslap          ||    13
       Headbutt          ||     3
       Kick              ||    12
       Punch             ||     2
 Cast: Beastly Appendage ||    23
       Sticks to Snakes  ||     4
 Stab: Sleeping          ||     1
  Eat: Chunk             ||     2
Armor: Skin              ||    45
Dodge: Dodged            ||    80
